cohdb
Replays
Latest Replays
All Replays
Popular Replays
Top Player Replays
Match Explorer
How It Works
Community
CoH3 Stats
Reddit
Sign in to upload your games and track your stats! →
Sign in with Steam
Match 41447428
Unlisted
Match 41447428
Overview
Messages
Build Orders
End
Construct Barracks
Selects Armored Battlegroup
Selects Assault Engineers
Assault Engineer Squad
1⁄4-ton 4x4 Truck
Assault Engineer Squad
Construct Weapon Support Center
Mechanized Support Center
Selects M31 Recovery Vehicle
M3 Armored Personnel Carrier
Construct Medical Station
Designate Forward Repair Station
Assault Engineer Squad
Construct Motor Pool
.30 cal Machine Gun
.30 cal Machine Gun
M8 Greyhound Armored Car
M8 Greyhound Armored Car
Mortar Pit
Jiggy
SSS
AM
thefortress1324
ElConQueefTordor
Peracles
-=Thrawn=-
Mikie
0
0
Comments
sign in to comment!
No comments posted yet!